 Dungeon Crawl Stone Soup version 0.32-a0-868-g153ae1a8d6 (webtiles) character file.

Game seed: 18181378514198995535

16 olmar the Cudgeller (level 2, -1/22 HPs)
             Began as a Demonspawn Gladiator on Mar 29, 2024.
             Slain by a gnoll
             ... wielding a +0 halberd
              (9 damage)
             ... on level 2 of the Dungeon.
             The game lasted 00:00:35 (749 turns).

olmar the Cudgeller (Demonspawn Gladiator)           Turns: 749, Time: 00:00:36

Health: -1/22      AC:  4    Str: 14    XL:     2   Next: 37%
Magic:  2/2        EV: 11    Int:  8    God:
Gold:   76         SH:  0    Dex: 14    Spells: 1/1 levels left

rFire   . . .        a - +0 flail
rCold   . . .        (no shield)
rNeg    . . .        b - +0 leather armour
rPois   .            c - +0 helmet
rElec   .            (no cloak)
rCorr   .            (no gloves)
SInv    .            (no boots)
Will    .....        (no amulet)
Stlth   +            (no ring)
HPRegen 0.23/turn    (no ring)
MPRegen 0.08/turn

%: no passive effects
@: no status effects
A: demonic guardian 1
a: no special abilities


You were on level 2 of the Dungeon.
You visited 1 branch of the dungeon, and saw 2 of its levels.

You collected 76 gold pieces.

Inventory:

Hand Weapons
 a - a +0 flail (weapon)
Missiles
 d - 4 throwing nets (quivered)
 e - a javelin
Armour
 b - a +0 leather armour (worn)
 c - a +0 helmet (worn)
Scrolls
 h - a scroll of amnesia {unknown}
 i - a scroll of silence {unknown}
Potions
 f - a potion of berserk rage {unknown}
 g - 3 potions of curing {unknown}


   Skills:
 + Level 2.3 Fighting
 + Level 3.1 Maces & Flails
 - Level 1.7 Throwing
 + Level 0.3 Armour
 + Level 2.8 Dodging


You had one spell level left.
You didn't know any spells.
Your spell library was empty.

Dungeon Overview and Level Annotations

Branches:
Dungeon (2/15)

Altars:

Shops:
D:1 (


Innate Abilities, Weirdness & Mutations

A weak demonic guardian rushes to your aid.


Message History

Found a ring mail.
Your ufetubus disappears in a puff of smoke!
A kobold comes into view. It is wielding a +0 whip.
Unknown command.
Unknown command.
A kobold is nearby!
A kobold is nearby!
A kobold is nearby!
The kobold shouts!
You hear a shout!
Unknown command.
Unknown command.
A gnoll comes into view. It is wielding a +0 spear.
The kobold barely misses you.
Unknown command.
Unknown command.
You barely miss the kobold.
The gnoll shouts!
The kobold hits you but does no damage.
You closely miss the kobold.
A gnoll comes into view. It is wielding a +0 halberd.
The kobold hits you with a +0 whip.
A demonic guardian appears!
Unknown command.
You barely miss the kobold.
The gnoll shouts!
You hear an angry hiss.
The kobold hits you with a +0 whip. The kobold closely misses you.
Unknown command.
You hit the kobold.
The kobold is moderately wounded.
Your shadow imp hits the kobold but does no damage.
The kobold misses you.
Unknown command.
You hit the kobold.
You kill the kobold!
A ball python comes into view.
Your shadow imp barely misses the gnoll.
The gnoll barely misses you.
A kobold comes into view. It is wielding a +0 dagger.
Your shadow imp hits the gnoll.
The gnoll hits you with a +0 spear!
The gnoll hits you from afar with a +0 halberd!
You die...

###..###.##.##.# #.#
#......#.##.##.# #.#
#...........##.# #.#
#.#....#.##.##.#####.#
#.#................#.#
#.##...#.##..#####.# #
#...#.##..##....
.............#
##......5@.####
#######.g.# #.g.K.
#...### #...# #.S.#
#...# .....


You could see 2 gnolls, a ball python, a kobold (distracted) and a friendly
shadow imp (summoned).

Vanquished Creatures
  2 dart slugs
  A ball python (D:1)
  A giant cockroach (D:1)
  2 hobgoblins (D:1)
  A quokka (D:1)
  A bat (D:1)
  A frilled lizard (D:1)
  2 kobolds
11 creatures vanquished.

Notes
Turn   | Place    | Note
-------+----------+-------------------------------------------
     0 | D:1      | olmar the Demonspawn Gladiator began the quest for the Orb.
     0 | D:1      | Reached XP level 1. HP: 16/16 MP: 1/1
   112 | D:1      | Found Faboaboi's Antique Weapon Boutique.
   278 | D:1      | Gained mutation: A weak demonic guardian rushes to your
                  | aid. [demonic ancestry]
   278 | D:1      | Reached XP level 2. HP: 17/22 MP: 2/2
   317 | D:1      | Reached skill level 3 in Maces & Flails
   469 | D:1      | Found a faded altar of an unknown god.
   749 | D:2      | Slain by a gnoll

Illustrated notes

Levels and vault maps discovered:
D:1:      spicycebolla_green_bress_n_ham_2, layout_basic, serial_shops, shop,
          hellmonk_ecumenical_altar_crossroads, minmay_misc_feat_iff,
          nicolae_twisty_statue_hallways
D:2:      layout_loops_cross

Skill      XL: |  1  2 |
---------------+-------+-----
Maces & Flails | 3 |  3.1
Fighting       | |  2.3
Throwing       | |  1.7
Armour         | |  0.3
Dodging        | |  2.8

Action                     || total
---------------------------++-------
  Melee: Flail             ||    32
 Armour: Leather armour    ||    21
  Dodge: Dodged            ||    20

Table legend: (Time is in decaauts)
 A = Elapsed time spent in this place.
 B = Non-inter-level travel time spent in this place.
 C = Inter-level travel time spent in this place.
 D = Time resting spent in this place.
 E = Time spent auto-exploring this place.
 F = Levels seen in this place.
 G = Mean time per level.
                   A        B        C        D        E       F      G
               +--------+--------+--------+--------+--------+-----+--------+
         Total |    758 |    731 |     27 |      0 |    635 |   2 |  379.0 |
       Dungeon |    758 |    731 |     27 |      0 |    635 |   2 |  379.0 |
               +--------+--------+--------+--------+--------+-----+--------+

Top non-repeatable levels by time:
     D:1: 662 daAuts
     D:2: 96 daAuts
